Minnesota North Stars vs Colorado Rockies
Created - Friday, July 21, 2023 at 06:36
Goals
|
| Minnesota North Stars |
1 |
2 |
0 |
3 |
| Colorado Rockies |
1 |
2 |
3 |
6 |
|
Shots
|
| Minnesota North Stars |
14 |
11 |
3 |
28 |
| Colorado Rockies |
11 |
18 |
10 |
39 |
|
1st period
1. Minnesota North Stars , Viktor Arvidsson 7 (Jeff Skinner 12, Zdeno Chara 5) at 9:22
2. Colorado Rockies , Kevin Hayes 4 (Nick Schmaltz 8, Roman Josi 8) at 17:06
Penalties :
No Penalty
2nd period
3. Minnesota North Stars , Evgeni Malkin 13 (Anthony Duclair 10, Jack Hughes 17) at 1:18
4. Minnesota North Stars , Jack Hughes 10 (Anthony Duclair 11) at 10:30 (PP)
5. Colorado Rockies , Dylan Strome 2 (Jakub Vrana 2, Martin Fehervary 3) at 13:29
6. Colorado Rockies , Jesper Bratt 4 (Victor Hedman 6) at 15:45 (SH)
Penalties :
Jamie Oleksiak (MNS) for Hooking (Minor) at 3:19, Martin Fehervary (COL) for Interference (Minor) at 10:14, Quinn Hughes (COL) for Hooking (Minor) at 13:48
3rd period
7. Colorado Rockies , Kyle Connor 6 (Nikita Kucherov 17, Quinn Hughes 6) at 1:21
8. Colorado Rockies , Jakub Vrana 5 (Roman Josi 9, Quinn Hughes 7) at 10:23
9. Colorado Rockies , Evgeny Kuznetsov 13 (Quinn Hughes 8, Kyle Connor 9) at 19:32
Penalties :
David Pastrnak (COL) for Hooking (Minor) at 2:07, Roman Josi (COL) for Holding (Minor) at 5:24, Quinn Hughes (COL) for Cross-checking (Minor) at 12:11, Alex Goligoski (MNS) for Holding (Minor) at 15:47, Rasmus Dahlin (MNS) for Slashing (Minor) at 19:59
Goalie Stats
Brian Elliott (MNS), 33 saves from 39 shots - (0.846), L, 12-6-3, 60:00 minutes
Andrei Vasilevskiy (COL), 25 saves from 28 shots - (0.893), W, 13-3-0, 60:00 minutes
Players Stats for Minnesota North Stars
Player Name G A P +/- PIM S H SB GA TA FO MP PP MP PK MP
------------------------------------------------------------------------------------
Adam Lowry 0 0 0 -1 0 0 4 0 0 0 3/10 15:30 0:00 1:58
Alex Goligoski 0 0 0 -2 2 1 1 1 0 0 0/0 17:51 3:40 0:00
Andrew Poturalski 0 0 0 -2 0 0 1 0 0 0 0/2 7:40 0:00 0:00
Anthony Duclair 0 2 2 0 0 2 3 0 0 0 0/0 16:53 4:18 0:00
Conor Sheary 0 0 0 -2 0 0 0 0 0 0 1/1 7:40 0:00 0:00
Evgeni Malkin 1 0 1 -1 0 4 1 1 0 0 8/19 19:16 4:18 1:54
Gustav Forsling 0 0 0 -2 0 1 1 4 0 1 0/0 26:48 4:03 2:05
Gustav Nyquist 0 0 0 -2 0 1 1 1 0 1 0/1 14:01 0:08 0:06
Jack Hughes 1 1 2 0 0 5 0 1 1 0 0/1 19:04 4:26 1:58
Jamie Oleksiak 0 0 0 -1 2 0 2 0 0 0 0/0 15:10 0:29 0:48
Jeff Skinner 0 1 1 0 0 7 2 0 1 0 0/1 17:27 3:46 0:00
Jonathan Toews 0 0 0 0 0 1 2 0 2 1 5/13 19:16 3:46 1:54
Neal Pionk 0 0 0 -1 0 0 0 0 0 0 0/0 18:02 3:40 0:34
Nino Niederreiter 0 0 0 -3 0 0 0 0 0 1 0/0 7:50 0:00 0:00
Rasmus Dahlin 0 0 0 -2 2 0 4 1 0 1 0/0 26:46 4:03 2:36
Viktor Arvidsson 1 0 1 -1 0 5 2 0 0 0 0/0 17:33 3:46 0:00
Yegor Sharangovich 0 0 0 0 0 1 0 0 0 0 1/2 13:45 0:08 0:06
Zdeno Chara 0 1 1 0 0 0 3 3 0 1 0/0 15:27 0:29 1:53
Players Stats for Colorado Rockies
Player Name G A P +/- PIM S H SB GA TA FO MP PP MP PK MP
------------------------------------------------------------------------------------
David Pastrnak 0 0 0 0 2 2 4 0 1 0 0/0 16:01 1:46 0:00
Dylan Strome 1 0 1 2 0 1 0 0 0 0 1/1 7:13 0:00 0:00
Evgeny Kuznetsov 1 0 1 0 0 2 1 2 0 0 10/20 16:29 2:12 0:00
Jakub Vrana 1 1 2 2 0 3 0 0 0 0 1/1 7:13 0:00 0:00
Jesper Bratt 1 0 1 1 0 2 0 0 0 0 1/1 14:55 0:00 0:33
Kevin Hayes 1 0 1 1 0 4 0 0 0 1 4/5 15:47 0:00 3:54
Kyle Connor 1 1 2 0 0 6 1 0 0 0 0/1 16:29 2:12 0:00
Martin Fehervary 0 1 1 2 2 1 3 0 0 0 0/0 16:49 0:00 3:05
Nick Bonino 0 0 0 2 0 1 1 1 0 0 0/0 11:42 0:00 3:49
Nick Schmaltz 0 1 1 1 0 1 3 0 2 0 1/1 16:54 1:46 3:50
Nikita Kucherov 0 1 1 0 0 3 1 1 1 1 1/1 16:29 2:12 0:00
Quinn Hughes 0 3 3 3 4 1 1 0 0 0 0/0 21:57 1:50 1:56
Roman Josi 0 2 2 3 2 2 2 0 0 0 0/0 22:35 2:08 2:53
Ryan O'Reilly 0 0 0 0 0 1 1 0 0 0 10/13 20:03 1:46 3:50
Shea Theodore 0 0 0 3 0 2 0 0 0 2 0/0 20:01 1:50 4:11
Tim Stutzle 0 0 0 2 0 6 1 1 0 0 3/6 11:30 0:00 0:28
Victor Hedman 0 1 1 -2 0 0 1 1 1 0 0/0 23:24 2:08 4:01
Zachary Werenski 0 0 0 -1 0 1 2 2 1 0 0/0 16:12 0:00 0:18
3 Stars
1 - Jakub Vrana (COL)
2 - Kyle Connor (COL)
3 - Roman Josi (COL)
Power Play
Minnesota North Stars - 1 on 5 Attempt(s) - 20.00%
Colorado Rockies - 0 on 3 Attempt(s) - 0.00%
Penalty Kill
Minnesota North Stars - 3 on 3 Attempt(s) - 100.00%
- Score 0 goal in Penalty Kill
Colorado Rockies - 4 on 5 Attempt(s) - 80.00%
- Score 1 goal in Penalty Kill
Team Stat
Minnesota North Stars - Hits : 27 - Faceoff Wins : 18 - Blocked Shots : 12 - Penalty Minutes : 6
Colorado Rockies - Hits : 22 - Faceoff Wins : 32 - Blocked Shots : 8 - Penalty Minutes : 10
Official
Referees : Kelly Sutherland and Jon Mclsaac
Linesman : Trent Knorr and Pierre Racicot
Game Notes
No Game Note
Finance
Level 1 -- Attendance: 6000 (100.00%) -- Ticket Income $540,000
Level 2 -- Attendance: 5000 (100.00%) -- Ticket Income $275,000
Level 3 -- Attendance: 3000 (100.00%) -- Ticket Income $105,000
Level 4 -- Attendance: 5000 (100.00%) -- Ticket Income $125,000
Luxury Box -- Attendance: 1000 (100.00%) -- Ticket Income $175,000
Game was played at the Pepsi Center.
Total Attendance: 20000 (100.00%)
Total Ticket Income: $1,220,000
Other Income: $427,000
Total Income: $1,647,000
Minnesota North Stars
5 vs 5 Forward
Center Left Wing Right Wing Time % Phy DF OF
1 Evgeni Malkin Jack Hughes Anthony Duclair 32 1 2 2
2 Jonathan Toews Jeff Skinner Yegor Sharangovich 32 1 2 2
3 Adam Lowry Gustav Nyquist Viktor Arvidsson 31 1 2 2
4 Andrew Poturalski Nino Niederreiter Conor Sheary 5 1 2 2
5 vs 5 Defense
Defense Defense Time % Phy DF OF
1 Rasmus Dahlin Gustav Forsling 30 1 2 2
2 Neal Pionk Zdeno Chara 30 1 2 2
3 Jamie Oleksiak Alex Goligoski 25 1 2 2
4 Rasmus Dahlin Gustav Forsling 15 1 2 2
PowerPlay Forward
Center Left Wing Right Wing Time % Phy DF OF
1 Evgeni Malkin Jack Hughes Anthony Duclair 50 1 2 2
2 Jonathan Toews Jeff Skinner Viktor Arvidsson 50 1 2 2
PowerPlay Defense
Defense Defense Time % Phy DF OF
1 Rasmus Dahlin Gustav Forsling 50 1 2 2
2 Neal Pionk Alex Goligoski 50 1 2 2
Penalty Kill 4 Players Forward
Center Wing Time % Phy DF OF
1 Jonathan Toews Evgeni Malkin 50 1 2 2
2 Adam Lowry Jack Hughes 50 1 2 2
Penalty Kill 4 Players Defense
Defense Defense Time % Phy DF OF
1 Rasmus Dahlin Gustav Forsling 50 1 2 2
2 Jamie Oleksiak Zdeno Chara 50 1 2 2
Penalty Kill - 3 Players Forward
Forward Time % Phy DF OF
1 Evgeni Malkin 50 1 2 2
2 Jonathan Toews 50 1 2 2
Penalty Kill - 3 Players Defense
Defense Defense Time % Phy DF OF
1 Rasmus Dahlin Gustav Forsling 50 1 2 2
2 Jamie Oleksiak Zdeno Chara 50 1 2 2
4 vs 4 Forward
Center Wing Time % Phy DF OF
1 Evgeni Malkin Jack Hughes 50 1 2 2
2 Jonathan Toews Jeff Skinner 50 1 2 2
4 vs 4 Defense
Defense Defense Time % Phy DF OF
1 Rasmus Dahlin Gustav Forsling 50 1 2 2
2 Neal Pionk Zdeno Chara 50 1 2 2
Last Minutes Offensive
Center Left Wing Right Wing Defense Defense
Jonathan Toews Jack Hughes Evgeni Malkin Rasmus Dahlin Neal Pionk
Last Minutes Defensive
Center Left Wing Right Wing Defense Defense
Jonathan Toews Adam Lowry Evgeni Malkin Gustav Forsling Zdeno Chara
Goaltenders
Starting : Brian Elliott
Backup : Antti Raanta
Extra Forwards
Normal : Evgeni Malkin, Jeff Skinner, Yegor Sharangovich - PP : Jack Hughes, Jeff Skinner - PK : Jonathan Toews
Extra Defensemen
Normal : Jamie Oleksiak, Gustav Forsling, Neal Pionk - PP : Gustav Forsling - PK : Gustav Forsling, Neal Pionk
Penalty Shots
Alex Goligoski, Anthony Duclair, Neal Pionk, Jack Hughes, Yegor Sharangovich
Colorado Rockies
5 vs 5 Forward
Center Left Wing Right Wing Time % Phy DF OF
1 Evgeny Kuznetsov Kyle Connor Nikita Kucherov 31 1 2 2
2 Ryan O'Reilly Jesper Bratt David Pastrnak 31 1 2 2
3 Tim Stutzle Kevin Hayes Nick Schmaltz 25 1 2 2
4 Dylan Strome Nick Bonino Jakub Vrana 13 1 2 2
5 vs 5 Defense
Defense Defense Time % Phy DF OF
1 Victor Hedman Zachary Werenski 35 1 2 2
2 Quinn Hughes Roman Josi 35 1 2 2
3 Shea Theodore Martin Fehervary 30 1 2 2
4 Victor Hedman Roman Josi 0 1 2 2
PowerPlay Forward
Center Left Wing Right Wing Time % Phy DF OF
1 Evgeny Kuznetsov Kyle Connor Nikita Kucherov 58 1 2 2
2 Ryan O'Reilly Nick Schmaltz David Pastrnak 42 1 2 2
PowerPlay Defense
Defense Defense Time % Phy DF OF
1 Victor Hedman Roman Josi 50 1 2 2
2 Quinn Hughes Shea Theodore 50 1 2 2
Penalty Kill 4 Players Forward
Center Wing Time % Phy DF OF
1 Kevin Hayes Nick Bonino 50 1 2 2
2 Ryan O'Reilly Nick Schmaltz 50 1 2 2
Penalty Kill 4 Players Defense
Defense Defense Time % Phy DF OF
1 Victor Hedman Roman Josi 50 1 2 2
2 Quinn Hughes Shea Theodore 50 1 2 2
Penalty Kill - 3 Players Forward
Forward Time % Phy DF OF
1 Kevin Hayes 50 1 2 2
2 Nick Bonino 50 1 2 2
Penalty Kill - 3 Players Defense
Defense Defense Time % Phy DF OF
1 Victor Hedman Roman Josi 50 1 2 2
2 Quinn Hughes Shea Theodore 50 1 2 2
4 vs 4 Forward
Center Wing Time % Phy DF OF
1 Evgeny Kuznetsov Nikita Kucherov 50 1 2 2
2 Ryan O'Reilly David Pastrnak 50 1 2 2
4 vs 4 Defense
Defense Defense Time % Phy DF OF
1 Victor Hedman Roman Josi 50 1 2 2
2 Quinn Hughes Shea Theodore 50 1 2 2
Last Minutes Offensive
Center Left Wing Right Wing Defense Defense
Evgeny Kuznetsov Kyle Connor Nikita Kucherov Victor Hedman Roman Josi
Last Minutes Defensive
Center Left Wing Right Wing Defense Defense
Evgeny Kuznetsov Kyle Connor Nikita Kucherov Victor Hedman Roman Josi
Goaltenders
Starting : Andrei Vasilevskiy
Backup : Ilya Samsonov
Extra Forwards
Normal : Tim Stutzle, Kevin Hayes, Jesper Bratt - PP : Tim Stutzle, Kevin Hayes - PK : Jesper Bratt
Extra Defensemen
Normal : Shea Theodore, Martin Fehervary, Quinn Hughes - PP : Shea Theodore - PK : Martin Fehervary, Quinn Hughes
Penalty Shots
Evgeny Kuznetsov, Jakub Vrana, Jesper Bratt, Kevin Hayes, Kyle Connor
% Time on Ice - Minnesota North Stars
Lines # - Real PCT - Wanted PCT - Time Play
Normal Forward
1 - 27% - 32% - 12:47
2 - 29% - 32% - 13:51
3 - 28% - 31% - 13:32
4 - 16% - 5% - 7:40
Normal Defense
1 - 29% - 30% - 14:01
2 - 30% - 30% - 14:17
3 - 27% - 25% - 12:53
4 - 14% - 15% - 6:39
PP Forward
1 - 54% - 50% - 4:26
2 - 46% - 50% - 3:46
PP Defense
1 - 49% - 50% - 4:03
2 - 51% - 50% - 4:09
PK Forward
1 - 48% - 50% - 1:54
2 - 52% - 50% - 2:04
PK Defense
1 - 53% - 50% - 2:05
2 - 47% - 50% - 1:53
PK3 Forward
1 - 0% - 50%
2 - 0% - 50%
PK3 Defense
1 - 0% - 50%
2 - 0% - 50%
44 Forward
1 - 0% - 50%
2 - 0% - 50%
44 Defense
1 - 0% - 50%
2 - 0% - 50%
Last Minute Offensive - 0:00
Last Minute Defensive - 0:00
Total
Forward - 60:00
Defense - 60:00
|
% Time on Ice - Colorado Rockies
Lines # - Real PCT - Wanted PCT - Time Play
Normal Forward
1 - 32% - 31% - 15:08
2 - 30% - 31% - 14:27
3 - 23% - 25% - 11:02
4 - 15% - 13% - 7:13
Normal Defense
1 - 36% - 35% - 17:15
2 - 35% - 35% - 16:50
3 - 29% - 30% - 13:45
4 - 0% - 0% - 0:00
PP Forward
1 - 55% - 58% - 2:12
2 - 45% - 42% - 1:46
PP Defense
1 - 54% - 50% - 2:08
2 - 46% - 50% - 1:50
PK Forward
1 - 50% - 50% - 4:05
2 - 50% - 50% - 4:07
PK Defense
1 - 49% - 50% - 4:01
2 - 51% - 50% - 4:11
PK3 Forward
1 - 0% - 50%
2 - 0% - 50%
PK3 Defense
1 - 0% - 50%
2 - 0% - 50%
44 Forward
1 - 0% - 50%
2 - 0% - 50%
44 Defense
1 - 0% - 50%
2 - 0% - 50%
Last Minute Offensive - 0:00
Last Minute Defensive - 0:00
Total
Forward - 60:00
Defense - 60:00
|
Play-by-Play
1st period
0:01 of 1st period - Evgeni Malkin wins face-off versus Evgeny Kuznetsov in neutral zone.
0:10 of 1st period - Jack Hughes is hit by Victor Hedman and loses puck.
0:27 of 1st period - David Pastrnak is hit by Jonathan Toews and loses puck.
0:48 of 1st period - Zachary Werenski is hit by Adam Lowry and loses puck.
1:42 of 1st period - Wrist shot by Kyle Connor.
1:42 of 1st period - Stopped by Brian Elliott with a rebound.
1:44 of 1st period - Snap shot by Kyle Connor.
1:44 of 1st period - Shot Blocked by Gustav Forsling.
1:55 of 1st period - Icing by Jack Hughes.
1:56 of 1st period - Ryan O'Reilly wins face-off versus Evgeni Malkin in Minnesota North Stars zone.
2:27 of 1st period - Slapshot by Jeff Skinner.
2:27 of 1st period - Stopped by Andrei Vasilevskiy with a rebound.
2:29 of 1st period - Wrist shot by Jonathan Toews.
2:29 of 1st period - Shot Blocked by Tim Stutzle.
2:31 of 1st period - Wrist shot by Jonathan Toews.
2:31 of 1st period - Stopped by Andrei Vasilevskiy without a rebound.
2:32 of 1st period - Jonathan Toews wins face-off versus Kyle Connor in Colorado Rockies zone.
3:19 of 1st period - Wrist shot by Conor Sheary.
3:19 of 1st period - Shot Misses the Net.
3:25 of 1st period - Andrew Poturalski is hit by Zachary Werenski.
5:04 of 1st period - Snap shot by Nino Niederreiter.
5:04 of 1st period - Shot Blocked by Zachary Werenski.
5:06 of 1st period - Backhand shot by Anthony Duclair.
5:06 of 1st period - Stopped by Andrei Vasilevskiy with a rebound.
5:08 of 1st period - Slapshot by Rasmus Dahlin.
5:08 of 1st period - Shot Misses the Net.
5:10 of 1st period - Wrist shot by Anthony Duclair.
5:10 of 1st period - Shot Blocked by Nick Bonino.
5:12 of 1st period - Snap shot by Jack Hughes.
5:12 of 1st period - Stopped by Andrei Vasilevskiy without a rebound.
5:13 of 1st period - Evgeny Kuznetsov wins face-off versus Adam Lowry in Colorado Rockies zone.
5:26 of 1st period - Zachary Werenski is hit by Viktor Arvidsson and loses puck.
6:05 of 1st period - Slapshot by Tim Stutzle.
6:05 of 1st period - Stopped by Brian Elliott with a rebound.
6:55 of 1st period - Wrist shot by Kyle Connor.
6:55 of 1st period - Shot Blocked by Gustav Nyquist.
7:11 of 1st period - Snap shot by Jeff Skinner.
7:11 of 1st period - Stopped by Andrei Vasilevskiy without a rebound.
7:12 of 1st period - Tim Stutzle wins face-off versus Jonathan Toews in Colorado Rockies zone.
7:17 of 1st period - Wrist shot by Kevin Hayes.
7:17 of 1st period - Stopped by Brian Elliott with a rebound.
7:19 of 1st period - Backhand shot by Shea Theodore.
7:19 of 1st period - Stopped by Brian Elliott with a rebound.
7:21 of 1st period - Wrist shot by Nick Schmaltz.
7:21 of 1st period - Deflect By Tim Stutzle.
7:21 of 1st period - Stopped by Brian Elliott with a rebound.
7:23 of 1st period - Slapshot by Martin Fehervary.
7:23 of 1st period - Shot Misses the Net.
7:25 of 1st period - Snap shot by Nick Schmaltz.
7:25 of 1st period - Shot Misses the Net.
8:00 of 1st period - Jack Hughes is hit by Kyle Connor and loses puck.
8:09 of 1st period - Kyle Connor is hit by Anthony Duclair and loses puck.
8:26 of 1st period - Slapshot by Dylan Strome.
8:26 of 1st period - Shot Hit the Post.
8:28 of 1st period - Slapshot by Nick Bonino.
8:28 of 1st period - Stopped by Brian Elliott with a rebound.
9:04 of 1st period - Snap shot by Tim Stutzle.
9:04 of 1st period - Stopped by Brian Elliott with a rebound.
9:06 of 1st period - Slapshot by Martin Fehervary.
9:06 of 1st period - Shot Blocked by Zdeno Chara.
9:08 of 1st period - Slapshot by Kevin Hayes.
9:08 of 1st period - Shot Misses the Net.
9:10 of 1st period - Wrist shot by Kevin Hayes.
9:10 of 1st period - Shot Misses the Net.
9:12 of 1st period - Wrist shot by Nick Schmaltz.
9:12 of 1st period - Shot Blocked by Zdeno Chara.
9:22 of 1st period - Snap shot by Viktor Arvidsson.
9:22 of 1st period - Goal by Viktor Arvidsson - Minnesota North Stars : 1 - Colorado Rockies : 0.
9:23 of 1st period - Evgeny Kuznetsov wins face-off versus Adam Lowry in neutral zone.
10:17 of 1st period - Wrist shot by Jack Hughes.
10:17 of 1st period - Stopped by Andrei Vasilevskiy without a rebound.
10:18 of 1st period - Evgeni Malkin wins face-off versus Evgeny Kuznetsov in Colorado Rockies zone.
10:21 of 1st period - Slapshot by Evgeni Malkin.
10:21 of 1st period - Stopped by Andrei Vasilevskiy without a rebound.
10:22 of 1st period - Evgeny Kuznetsov wins face-off versus Gustav Nyquist in Colorado Rockies zone.
10:22 of 1st period - Evgeny Kuznetsov is hit by Adam Lowry.
10:30 of 1st period - Wrist shot by Kyle Connor.
10:30 of 1st period - Stopped by Brian Elliott without a rebound.
10:31 of 1st period - Ryan O'Reilly wins face-off versus Adam Lowry in Minnesota North Stars zone.
10:44 of 1st period - Slapshot by Gustav Nyquist.
10:44 of 1st period - Shot Misses the Net.
11:25 of 1st period - Gustav Forsling is hit by Martin Fehervary and loses puck.
12:27 of 1st period - Snap shot by Kevin Hayes.
12:27 of 1st period - Shot Misses the Net.
12:29 of 1st period - Snap shot by Nick Schmaltz.
12:29 of 1st period - Shot Misses the Net.
12:31 of 1st period - Slapshot by Shea Theodore.
12:31 of 1st period - Stopped by Brian Elliott without a rebound.
12:32 of 1st period - Evgeni Malkin wins face-off versus Ryan O'Reilly in Minnesota North Stars zone.
12:45 of 1st period - Snap shot by Evgeni Malkin.
12:45 of 1st period - Stopped by Andrei Vasilevskiy with a rebound.
12:47 of 1st period - Snap shot by Jack Hughes.
12:47 of 1st period - Shot Misses the Net.
13:20 of 1st period - Slapshot by Roman Josi.
13:20 of 1st period - Stopped by Brian Elliott without a rebound.
13:21 of 1st period - Dylan Strome wins face-off versus Andrew Poturalski in Minnesota North Stars zone.
14:34 of 1st period - Snap shot by Kevin Hayes.
14:34 of 1st period - Shot Misses the Net.
14:52 of 1st period - Snap shot by Jack Hughes.
14:52 of 1st period - Stopped by Andrei Vasilevskiy with a rebound.
15:08 of 1st period - Rasmus Dahlin is hit by David Pastrnak and loses puck.
15:23 of 1st period - Snap shot by Jeff Skinner.
15:23 of 1st period - Stopped by Andrei Vasilevskiy without a rebound.
15:24 of 1st period - Yegor Sharangovich wins face-off versus Evgeny Kuznetsov in Colorado Rockies zone.
15:51 of 1st period - Quinn Hughes is hit by Alex Goligoski and loses puck.
16:16 of 1st period - Slapshot by Viktor Arvidsson.
16:16 of 1st period - Shot Misses the Net.
16:18 of 1st period - Wrist shot by Adam Lowry.
16:18 of 1st period - Shot Misses the Net.
16:20 of 1st period - Wrist shot by Gustav Forsling.
16:20 of 1st period - Stopped by Andrei Vasilevskiy with a rebound.
16:22 of 1st period - Wrist shot by Gustav Nyquist.
16:22 of 1st period - Shot Misses the Net.
16:24 of 1st period - Snap shot by Viktor Arvidsson.
16:24 of 1st period - Stopped by Andrei Vasilevskiy with a rebound.
17:06 of 1st period - Wrist shot by Kevin Hayes.
17:06 of 1st period - Goal by Kevin Hayes - Minnesota North Stars : 1 - Colorado Rockies : 1.
17:07 of 1st period - Evgeny Kuznetsov wins face-off versus Evgeni Malkin in neutral zone.
17:40 of 1st period - Backhand shot by Viktor Arvidsson.
17:40 of 1st period - Stopped by Andrei Vasilevskiy with a rebound.
18:28 of 1st period - Icing by Anthony Duclair.
18:29 of 1st period - Evgeni Malkin wins face-off versus Evgeny Kuznetsov in Minnesota North Stars zone.
18:59 of 1st period - Off-side.
19:00 of 1st period - Ryan O'Reilly wins face-off versus Adam Lowry in neutral zone.
19:03 of 1st period - Wrist shot by Jesper Bratt.
19:03 of 1st period - Shot Misses the Net.
19:59 of 1st period - David Pastrnak is hit by Jamie Oleksiak and loses puck.
Goals for this period are 1 for Minnesota North Stars vs 1 for Colorado Rockies.
Shots for this period are 14 for Minnesota North Stars vs 11 for Colorado Rockies.
2nd period
0:01 of 2nd period - Evgeni Malkin wins face-off versus Evgeny Kuznetsov in neutral zone.
0:09 of 2nd period - Wrist shot by Evgeni Malkin.
0:09 of 2nd period - Stopped by Andrei Vasilevskiy without a rebound.
0:10 of 2nd period - Evgeny Kuznetsov wins face-off versus Evgeni Malkin in Colorado Rockies zone.
0:27 of 2nd period - Snap shot by Anthony Duclair.
0:27 of 2nd period - Stopped by Andrei Vasilevskiy with a rebound.
0:33 of 2nd period - Wrist shot by Jack Hughes.
0:33 of 2nd period - Stopped by Andrei Vasilevskiy without a rebound.
0:34 of 2nd period - Nick Schmaltz wins face-off versus Jonathan Toews in Colorado Rockies zone.
0:47 of 2nd period - Slapshot by Jeff Skinner.
0:47 of 2nd period - Stopped by Andrei Vasilevskiy with a rebound.
0:59 of 2nd period - Rasmus Dahlin is hit by David Pastrnak and loses puck.
1:10 of 2nd period - Snap shot by David Pastrnak.
1:10 of 2nd period - Stopped by Brian Elliott without a rebound.
1:11 of 2nd period - Evgeny Kuznetsov wins face-off versus Evgeni Malkin in Minnesota North Stars zone.
1:12 of 2nd period - Wrist shot by Nikita Kucherov.
1:12 of 2nd period - Stopped by Brian Elliott with a rebound.
1:18 of 2nd period - Wrist shot by Anthony Duclair.
1:18 of 2nd period - Deflect By Evgeni Malkin.
1:18 of 2nd period - Goal by Evgeni Malkin - Minnesota North Stars : 2 - Colorado Rockies : 1.
1:19 of 2nd period - Jonathan Toews wins face-off versus Evgeny Kuznetsov in neutral zone.
1:22 of 2nd period - Kyle Connor is hit by Gustav Forsling.
1:32 of 2nd period - Slapshot by Kyle Connor.
1:32 of 2nd period - Shot Misses the Net.
1:34 of 2nd period - Wrist shot by Kyle Connor.
1:34 of 2nd period - Stopped by Brian Elliott with a rebound.
1:36 of 2nd period - Slapshot by Kyle Connor.
1:36 of 2nd period - Shot Misses the Net.
1:56 of 2nd period - Wrist shot by Tim Stutzle.
1:56 of 2nd period - Stopped by Brian Elliott with a rebound.
2:15 of 2nd period - Wrist shot by Viktor Arvidsson.
2:15 of 2nd period - Stopped by Andrei Vasilevskiy without a rebound.
2:16 of 2nd period - Nikita Kucherov wins face-off versus Evgeni Malkin in Colorado Rockies zone.
2:23 of 2nd period - Roman Josi is hit by Zdeno Chara and loses puck.
2:30 of 2nd period - Wrist shot by Anthony Duclair.
2:30 of 2nd period - Shot Blocked by Evgeny Kuznetsov.
2:32 of 2nd period - Snap shot by Anthony Duclair.
2:32 of 2nd period - Shot Misses the Net.
3:05 of 2nd period - Gustav Nyquist is hit by Roman Josi.
3:19 of 2nd period - Minor Penalty to Jamie Oleksiak for Hooking.
3:20 of 2nd period - Evgeny Kuznetsov wins face-off versus Jonathan Toews in Minnesota North Stars zone.
3:33 of 2nd period - Snap shot by Evgeny Kuznetsov.
3:33 of 2nd period - Stopped by Brian Elliott with a rebound.
3:47 of 2nd period - Ryan O'Reilly is hit by Adam Lowry and loses puck.
3:54 of 2nd period - Backhand shot by Roman Josi.
3:54 of 2nd period - Shot Blocked by Jack Hughes.
5:19 of 2nd period - Penalty to Jamie Oleksiak is over, Jamie Oleksiak is back on ice.
5:57 of 2nd period - Wrist shot by Jeff Skinner.
5:57 of 2nd period - Stopped by Andrei Vasilevskiy with a rebound.
7:13 of 2nd period - Alex Goligoski is hit by Nick Bonino and loses puck.
8:12 of 2nd period - Nick Bonino is hit by Jeff Skinner and loses puck.
8:29 of 2nd period - Viktor Arvidsson is hit by Zachary Werenski and loses puck.
9:22 of 2nd period - Dylan Strome is hit by Jamie Oleksiak and loses puck.
9:29 of 2nd period - Snap shot by Jeff Skinner.
9:29 of 2nd period - Stopped by Andrei Vasilevskiy without a rebound.
9:30 of 2nd period - Evgeni Malkin wins face-off versus Ryan O'Reilly in Colorado Rockies zone.
9:33 of 2nd period - Snap shot by Jack Hughes.
9:33 of 2nd period - Shot Misses the Net.
9:47 of 2nd period - Snap shot by Ryan O'Reilly.
9:47 of 2nd period - Shot Blocked by Rasmus Dahlin.
10:14 of 2nd period - Minor Penalty to Martin Fehervary for Interference.
10:15 of 2nd period - Kevin Hayes wins face-off versus Jack Hughes in Colorado Rockies zone.
10:30 of 2nd period - Wrist shot by Jack Hughes.
10:30 of 2nd period - Goal by Jack Hughes - Minnesota North Stars : 3 - Colorado Rockies : 1.
10:31 of 2nd period - Evgeny Kuznetsov wins face-off versus Yegor Sharangovich in neutral zone.
10:40 of 2nd period - Wrist shot by Yegor Sharangovich.
10:40 of 2nd period - Stopped by Andrei Vasilevskiy with a rebound.
10:58 of 2nd period - Victor Hedman is hit by Zdeno Chara and loses puck.
11:07 of 2nd period - Snap shot by Kevin Hayes.
11:07 of 2nd period - Shot Blocked by Gustav Forsling.
11:27 of 2nd period - Ryan O'Reilly is hit by Rasmus Dahlin and loses puck.
12:03 of 2nd period - Roman Josi is hit by Gustav Nyquist and loses puck.
12:10 of 2nd period - Wrist shot by Nikita Kucherov.
12:10 of 2nd period - Shot Blocked by Alex Goligoski.
12:12 of 2nd period - Slapshot by Roman Josi.
12:12 of 2nd period - Stopped by Brian Elliott without a rebound.
12:13 of 2nd period - Tim Stutzle wins face-off versus Jonathan Toews in Minnesota North Stars zone.
12:16 of 2nd period - Wrist shot by Tim Stutzle.
12:16 of 2nd period - Shot Misses the Net.
12:46 of 2nd period - Roman Josi is hit by Zdeno Chara and loses puck.
13:03 of 2nd period - Gustav Nyquist is hit by David Pastrnak and loses puck.
13:21 of 2nd period - Snap shot by Jakub Vrana.
13:21 of 2nd period - Stopped by Brian Elliott with a rebound.
13:23 of 2nd period - Snap shot by Jakub Vrana.
13:23 of 2nd period - Stopped by Brian Elliott with a rebound.
13:25 of 2nd period - Slapshot by Martin Fehervary.
13:25 of 2nd period - Stopped by Brian Elliott with a rebound.
13:27 of 2nd period - Wrist shot by Jakub Vrana.
13:27 of 2nd period - Shot Misses the Net.
13:29 of 2nd period - Wrist shot by Dylan Strome.
13:29 of 2nd period - Goal by Dylan Strome - Minnesota North Stars : 3 - Colorado Rockies : 2.
13:30 of 2nd period - Jonathan Toews wins face-off versus Evgeny Kuznetsov in neutral zone.
13:43 of 2nd period - Snap shot by Jeff Skinner.
13:43 of 2nd period - Shot Blocked by Nikita Kucherov.
13:45 of 2nd period - Slapshot by Jeff Skinner.
13:45 of 2nd period - Stopped by Andrei Vasilevskiy without a rebound.
13:46 of 2nd period - Ryan O'Reilly wins face-off versus Evgeni Malkin in Colorado Rockies zone.
13:48 of 2nd period - Minor Penalty to Quinn Hughes for Hooking.
13:49 of 2nd period - Kevin Hayes wins face-off versus Jonathan Toews in Colorado Rockies zone.
13:57 of 2nd period - Snap shot by Nick Schmaltz.
13:57 of 2nd period - Shot Misses the Net.
14:05 of 2nd period - Nick Schmaltz is hit by Viktor Arvidsson and loses puck.
14:39 of 2nd period - Kevin Hayes is hit by Anthony Duclair and loses puck.
15:40 of 2nd period - Alex Goligoski is hit by Tim Stutzle and loses puck.
15:45 of 2nd period - Snap shot by Jesper Bratt.
15:45 of 2nd period - Goal by Jesper Bratt - Minnesota North Stars : 3 - Colorado Rockies : 3.
15:46 of 2nd period - Kevin Hayes wins face-off versus Jeff Skinner in neutral zone.
15:48 of 2nd period - Penalty to Quinn Hughes is over, Quinn Hughes is back on ice.
16:27 of 2nd period - Snap shot by Kevin Hayes.
16:27 of 2nd period - Stopped by Brian Elliott without a rebound.
16:28 of 2nd period - Ryan O'Reilly wins face-off versus Evgeni Malkin in Minnesota North Stars zone.
17:14 of 2nd period - Icing by Gustav Forsling.
17:15 of 2nd period - Conor Sheary wins face-off versus Tim Stutzle in Minnesota North Stars zone.
17:15 of 2nd period - Conor Sheary is hit by Nick Schmaltz.
17:56 of 2nd period - Icing by Ryan O'Reilly.
17:57 of 2nd period - Adam Lowry wins face-off versus Evgeny Kuznetsov in Colorado Rockies zone.
18:44 of 2nd period - Backhand shot by Nick Schmaltz.
18:44 of 2nd period - Stopped by Brian Elliott with a rebound.
18:46 of 2nd period - Snap shot by Kevin Hayes.
18:46 of 2nd period - Stopped by Brian Elliott without a rebound.
18:47 of 2nd period - Tim Stutzle wins face-off versus Jonathan Toews in Minnesota North Stars zone.
18:56 of 2nd period - Wrist shot by Tim Stutzle.
18:56 of 2nd period - Stopped by Brian Elliott with a rebound.
18:58 of 2nd period - Slapshot by Shea Theodore.
18:58 of 2nd period - Shot Hit the Post.
19:00 of 2nd period - Snap shot by Tim Stutzle.
19:00 of 2nd period - Shot Misses the Net.
19:10 of 2nd period - Wrist shot by Tim Stutzle.
19:10 of 2nd period - Stopped by Brian Elliott with a rebound.
19:12 of 2nd period - Slapshot by Victor Hedman.
19:12 of 2nd period - Shot Blocked by Gustav Forsling.
19:14 of 2nd period - Snap shot by Tim Stutzle.
19:14 of 2nd period - Shot Misses the Net.
19:16 of 2nd period - Snap shot by Nick Schmaltz.
19:16 of 2nd period - Shot Misses the Net.
19:18 of 2nd period - Slapshot by Zachary Werenski.
19:18 of 2nd period - Stopped by Brian Elliott without a rebound.
19:19 of 2nd period - Jesper Bratt wins face-off versus Evgeni Malkin in Minnesota North Stars zone.
19:22 of 2nd period - Slapshot by Jesper Bratt.
19:22 of 2nd period - Shot Misses the Net.
19:24 of 2nd period - Wrist shot by Jesper Bratt.
19:24 of 2nd period - Shot Blocked by Evgeni Malkin.
19:26 of 2nd period - Slapshot by Ryan O'Reilly.
19:26 of 2nd period - Shot Misses the Net.
19:28 of 2nd period - Snap shot by Jesper Bratt.
19:28 of 2nd period - Shot Blocked by Zdeno Chara.
19:30 of 2nd period - Wrist shot by Jesper Bratt.
19:30 of 2nd period - Stopped by Brian Elliott without a rebound.
19:31 of 2nd period - Evgeny Kuznetsov wins face-off versus Evgeni Malkin in Minnesota North Stars zone.
19:50 of 2nd period - Evgeny Kuznetsov is hit by Evgeni Malkin and loses puck.
Goals for this period are 2 for Minnesota North Stars vs 2 for Colorado Rockies.
Shots for this period are 11 for Minnesota North Stars vs 18 for Colorado Rockies.
3rd period
0:01 of 3rd period - Ryan O'Reilly wins face-off versus Adam Lowry in neutral zone.
0:17 of 3rd period - Zachary Werenski is hit by Adam Lowry and loses puck.
0:56 of 3rd period - Nikita Kucherov is hit by Rasmus Dahlin and loses puck.
1:19 of 3rd period - Snap shot by Nikita Kucherov.
1:19 of 3rd period - Shot Misses the Net.
1:21 of 3rd period - Wrist shot by Kyle Connor.
1:21 of 3rd period - Goal by Kyle Connor - Minnesota North Stars : 3 - Colorado Rockies : 4.
1:22 of 3rd period - Ryan O'Reilly wins face-off versus Adam Lowry in neutral zone.
1:25 of 3rd period - Jamie Oleksiak is hit by David Pastrnak and loses puck.
1:30 of 3rd period - Slapshot by Ryan O'Reilly.
1:30 of 3rd period - Stopped by Brian Elliott without a rebound.
1:31 of 3rd period - Adam Lowry wins face-off versus Ryan O'Reilly in Minnesota North Stars zone.
1:31 of 3rd period - Adam Lowry is hit by Martin Fehervary.
1:41 of 3rd period - Gustav Nyquist is hit by Martin Fehervary and loses puck.
2:07 of 3rd period - Minor Penalty to David Pastrnak for Hooking.
2:08 of 3rd period - Evgeni Malkin wins face-off versus Kevin Hayes in Colorado Rockies zone.
3:36 of 3rd period - Nick Schmaltz is hit by Jonathan Toews and loses puck.
4:05 of 3rd period - Alex Goligoski is hit by Nick Schmaltz and loses puck.
4:07 of 3rd period - Penalty to David Pastrnak is over, David Pastrnak is back on ice.
4:26 of 3rd period - Alex Goligoski is hit by Evgeny Kuznetsov and loses puck.
5:24 of 3rd period - Minor Penalty to Roman Josi for Holding.
5:25 of 3rd period - Kevin Hayes wins face-off versus Evgeni Malkin in Colorado Rockies zone.
5:49 of 3rd period - Jonathan Toews is hit by Nick Schmaltz.
5:57 of 3rd period - Ryan O'Reilly is hit by Jeff Skinner and loses puck.
7:24 of 3rd period - Penalty to Roman Josi is over, Roman Josi is back on ice.
7:29 of 3rd period - Jesper Bratt is hit by Rasmus Dahlin and loses puck.
7:52 of 3rd period - Slapshot by Evgeny Kuznetsov.
7:52 of 3rd period - Deflect By Nikita Kucherov.
7:52 of 3rd period - Stopped by Brian Elliott with a rebound.
8:47 of 3rd period - Off-side.
8:48 of 3rd period - Evgeni Malkin wins face-off versus Tim Stutzle in neutral zone.
9:06 of 3rd period - Icing by Nikita Kucherov.
9:07 of 3rd period - Evgeny Kuznetsov wins face-off versus Andrew Poturalski in Colorado Rockies zone.
9:32 of 3rd period - Victor Hedman is hit by Anthony Duclair and loses puck.
10:23 of 3rd period - Wrist shot by Jakub Vrana.
10:23 of 3rd period - Goal by Jakub Vrana - Minnesota North Stars : 3 - Colorado Rockies : 5.
10:24 of 3rd period - Jonathan Toews wins face-off versus Tim Stutzle in neutral zone.
10:40 of 3rd period - Snap shot by Tim Stutzle.
10:40 of 3rd period - Shot Blocked by Gustav Forsling.
10:50 of 3rd period - Roman Josi is hit by Rasmus Dahlin and loses puck.
11:34 of 3rd period - Snap shot by Nick Schmaltz.
11:34 of 3rd period - Shot Misses the Net.
12:11 of 3rd period - Minor Penalty to Quinn Hughes for Cross-checking.
12:12 of 3rd period - Ryan O'Reilly wins face-off versus Evgeni Malkin in Colorado Rockies zone.
13:26 of 3rd period - Jack Hughes is hit by Roman Josi and loses puck.
14:11 of 3rd period - Penalty to Quinn Hughes is over, Quinn Hughes is back on ice.
14:33 of 3rd period - Kyle Connor is hit by Andrew Poturalski and loses puck.
15:08 of 3rd period - Jonathan Toews is hit by Ryan O'Reilly.
15:09 of 3rd period - Icing by Jonathan Toews.
15:10 of 3rd period - Ryan O'Reilly wins face-off versus Jonathan Toews in Minnesota North Stars zone.
15:47 of 3rd period - Minor Penalty to Alex Goligoski for Holding.
15:48 of 3rd period - Adam Lowry wins face-off versus Evgeny Kuznetsov in Minnesota North Stars zone.
15:48 of 3rd period - Adam Lowry is hit by Nikita Kucherov.
16:22 of 3rd period - Wrist shot by Roman Josi.
16:22 of 3rd period - Deflect By David Pastrnak.
16:22 of 3rd period - Stopped by Brian Elliott without a rebound.
16:23 of 3rd period - Jonathan Toews wins face-off versus Evgeny Kuznetsov in Minnesota North Stars zone.
16:34 of 3rd period - Slapshot by Kyle Connor.
16:34 of 3rd period - Stopped by Brian Elliott with a rebound.
16:36 of 3rd period - Snap shot by Quinn Hughes.
16:36 of 3rd period - Stopped by Brian Elliott with a rebound.
16:38 of 3rd period - Snap shot by Kyle Connor.
16:38 of 3rd period - Stopped by Brian Elliott with a rebound.
16:40 of 3rd period - Slapshot by Nikita Kucherov.
16:40 of 3rd period - Stopped by Brian Elliott with a rebound.
16:50 of 3rd period - Jack Hughes is hit by Quinn Hughes and loses puck.
17:47 of 3rd period - Penalty to Alex Goligoski is over, Alex Goligoski is back on ice.
17:53 of 3rd period - Off-side.
17:54 of 3rd period - Jakub Vrana wins face-off versus Jonathan Toews in neutral zone.
18:34 of 3rd period - Backhand shot by Adam Lowry.
18:34 of 3rd period - Shot Blocked by Zachary Werenski.
18:36 of 3rd period - Wrist shot by Adam Lowry.
18:36 of 3rd period - Shot Blocked by Victor Hedman.
18:38 of 3rd period - Snap shot by Viktor Arvidsson.
18:38 of 3rd period - Shot Blocked by Evgeny Kuznetsov.
18:40 of 3rd period - Wrist shot by Viktor Arvidsson.
18:40 of 3rd period - Stopped by Andrei Vasilevskiy with a rebound.
18:42 of 3rd period - Slapshot by Alex Goligoski.
18:42 of 3rd period - Stopped by Andrei Vasilevskiy with a rebound.
19:26 of 3rd period - Backhand shot by Roman Josi.
19:26 of 3rd period - Shot Misses the Net.
19:28 of 3rd period - Slapshot by Kyle Connor.
19:28 of 3rd period - Shot Misses the Net.
19:30 of 3rd period - Slapshot by Quinn Hughes.
19:30 of 3rd period - Shot Misses the Net.
19:32 of 3rd period - Wrist shot by Evgeny Kuznetsov.
19:32 of 3rd period - Goal by Evgeny Kuznetsov - Minnesota North Stars : 3 - Colorado Rockies : 6.
19:33 of 3rd period - Ryan O'Reilly wins face-off versus Adam Lowry in neutral zone.
19:48 of 3rd period - Wrist shot by Gustav Nyquist.
19:48 of 3rd period - Stopped by Andrei Vasilevskiy with a rebound.
19:59 of 3rd period - Minor Penalty to Rasmus Dahlin for Slashing.
Goals for this period are 0 for Minnesota North Stars vs 3 for Colorado Rockies.
Shots for this period are 3 for Minnesota North Stars vs 10 for Colorado Rockies.
Back to the Top